 Dungeon Crawl Stone Soup version 0.17-a0-1646-geb1493d (webtiles) character file.

2896 maniek23 the Spear-Bearer (level 9, -1/68 HPs)
             Began as a Merfolk Skald on Aug 9, 2015.
             Was a Follower of Ru.
             Killed by divine providence
             ... invoked by an orc priest
              (10 damage)
             ... on level 7 of the Dungeon.
             The game lasted 00:41:54 (10126 turns).

maniek23 the Spear-Bearer (Merfolk Skald)          Turns: 10126, Time: 00:41:54

Health: -1/68      AC:  6    Str: 12    XL:     9   Next: 77%
Magic:  12/12      EV: 15    Int: 12    God:    Ru [*.....]
Gold:   431        SH:  0    Dex: 16    Spells: 4 memorised, 4 levels left

rFire  . . .     SeeInvis .     a - +0 spear
rCold  . . .     Clarity  .     w - +0 troll leather armour {Purgy}
rNeg   + . .     SustAt   .     (no shield)
rPois  .         Gourm    .     j - +1 hat
rElec  .         Spirit   .     (no cloak)
rCorr  .         Warding  +     n - +0 pair of gloves
rMut   .         Stasis   .     (no boots)
MR     .....                    z - amulet of warding
Stlth  +.........               (no ring)
                                h - ring of wizardry

@: not resistant to hostile enchantments, very unstealthy
A: change form in water, swift swim, unskilled 1
a: Renounce Religion


You were on level 7 of the Dungeon.
You worshipped Ru.
Ru was aware of your devotion.
You were hungry.

You visited 2 branches of the dungeon, and saw 8 of its levels.
You also visited: Sewer.

You collected 431 gold pieces.

Inventory:

Hand weapons
 a - a +0 spear (weapon)
 e - a +0 halberd
 I - a +0 dagger of chaos
Missiles
 q - 16 javelins (quivered)
 u - 3 throwing nets
Armour
 b - a +0 leather armour
 i - a +0 buckler
 j - a +1 hat (worn)
 n - a +0 pair of gloves (worn)
 w - a +0 troll leather armour (worn) {Purgy}
 J - a +0 scale mail of fire resistance
Jewellery
 h - a ring of wizardry (left hand)
 z - an amulet of warding (around neck)
 F - a cursed ring of teleportation {unknown}
Magical devices
 v - a wand of random effects (18)
 C - a wand of polymorph (10)
Scrolls
 o - 3 scrolls of magic mapping {unknown}
 s - a scroll of enchant armour
 t - 4 scrolls of remove curse {unknown}
 y - 2 scrolls of teleportation
 B - a scroll of noise {unknown}
 D - a scroll of immolation {unknown}
 E - 2 scrolls of amnesia {unknown}
 H - a scroll of identify
Potions
 g - 2 potions of flight
 m - a potion of curing
 p - 2 potions of brilliance
 r - 2 potions of degeneration
 x - a potion of berserk rage
 A - a potion of ambrosia
 M - a potion of invisibility
Books
 c - a book of Battle

   Spells                             Type                      Level
   a - Infusion                       Charms                       1
   b - Shroud of Golubria             Charms/Translocation         2
   c - Song of Slaying                Charms                       2
   d - Spectral Weapon                Hexes/Charms                 3
   e - Regeneration                   Charms/Necromancy            3
 L - a book of Transfigurations

   Spells                             Type                      Level
   a - Stoneskin                      Transmutation/Earth          2
   b - Irradiate                      Conjuration/Transmutation    5
   c - Statue Form                    Transmutation/Earth          6
   d - Hydra Form                     Transmutation                6
   e - Dragon Form                    Transmutation                7
Comestibles
 d - 5 bread rations
 f - 5 meat rations
 k - 11 fruits
 l - a beef jerky
 K - a slice of pizza


   Skills:
 + Level 5.5 Fighting
 * Level 9.3 Polearms
 * Level 3.7 Armour
 + Level 6.2 Dodging
 * Level 3.0 Shields
 + Level 2.6 Spellcasting
 * Level 1.0 Hexes
 - Level 4.8 Charms
 - Level 1.5 Necromancy


You had 4 spell levels left.
You knew the following spells:

 Your Spells              Type           Power        Failure   Level  Hunger
a - Infusion              Chrm           ##....       2%          1    #......
b - Shroud of Golubria    Chrm/Tloc      #.........   9%          2    ###....
c - Regeneration          Chrm/Necr      #.........   12%         3    ###....
d - Spectral Weapon       Hex/Chrm       #.......     12%         3    ###....


Dungeon Overview and Level Annotations

Branches:
Dungeon (7/15)             Temple (1/1) D:4

Altars:
Ashenzari
Cheibriados
Dithmenos
Elyvilon
Fedhas
Gozag
Kikubaaqudgha
Makhleb
Qazlal
Ru
Sif Muna
Trog
Vehumet
Xom
Yredelemnul
Zin
The Shining One

Shops:
D:4 [


Innate Abilities, Weirdness & Mutations

You revert to your normal form in water.
You are very nimble and swift while swimming.
You are somewhat unskilled (-1 Apt).


Message History

Your Shields skill increases to level 3!
Your Hexes skill increases to level 1!
You feel a bit more experienced.
Your shroud begins to fray at the edges.
Items here: $ )) [ † a dagger; a robe; 13 gold pieces; a hand axe; an orc corpse The orc priest calls down the wrath of Beogh upon you.
Pain shoots through your body!
Your shroud unravels.
The orc priest invokes the aid of Beogh against you.
Something smites you!
The orc priest invokes the aid of Beogh against you.
Something smites you!
* * * LOW HITPOINT WARNING * * *
The orc priest mumbles some strange prayers to Beogh against you.
Something smites you!
* * * LOW HITPOINT WARNING * * *
The orc priest invokes the aid of Beogh against you.
Something smites you!
You die...

#...#(... .. ..#
#.#...#.# #.# #.#
##.##.#.## #.# #.#
#........# #.#
#.###..##.#... #.#
#...÷........# #.#
#.###..##.#.##
#(####.###..##.#.##
#(@....oo....#.....
#.####.###.........
#...# #.# #.......##
.....h.... ###.#..##
..##..h#.....###)#..###
#..
##.#.....$.......... #)
#.#......###.###### .
#.#......# #.#
#.#.##.## #.#


You could see an orc priest and an orc.

Vanquished Creatures
  Pikel (D:6)
  The ghost of Yanek the Destroyer, an experienced DECj of Vehumet (D:7)
  2 ice beasts
  Purgy (Sewer)
  4 slaves (D:6)
  2 phantoms
  5 ogres
  2 scorpions
  3 wights (D:6)
  2 crimson imps
  2 centaur zombies (D:4)
  2 orc priests (D:4)
  4 giant frog zombies
  A hound (D:2)
  6 orc wizards
  An iguana (D:5)
  9 worker ants
  2 hound skeletons
  A mummy (D:4)
  2 worker ant zombies (D:4)
  7 adders
  14 gnolls
  3 shadow imps
  An adder skeleton (D:4)
  An adder zombie (D:4)
  4 worms
  2 giant geckos (D:4)
  21 orcs
  3 ball pythons
  12 bats
  10 giant cockroaches
  7 goblins
  6 hobgoblins
  3 quokkas
  6 giant newts
  5 jackals
  A jackal zombie (D:4)
  8 kobolds
  2 kobold zombies (D:4)
  2 orc zombies (D:4)
  8 rats
179 creatures vanquished.

Vanquished Creatures (others)
  A quokka (D:6)
1 creature vanquished.

Grand Total: 180 creatures vanquished

Notes
Turn   | Place    | Note
--------------------------------------------------------------
     0 | D:1      | maniek23 the Merfolk Skald began the quest for the Orb.
     0 | D:1      | Reached XP level 1. HP: 16/16 MP: 3/3
   388 | D:1      | Reached XP level 2. HP: 23/23 MP: 5/5
  1143 | D:2      | Found a burning altar of Makhleb.
  1151 | D:2      | Reached skill level 4 in Polearms
  1151 | D:2      | Reached XP level 3. HP: 8/29 MP: 6/6
  1354 | D:2      | Reached XP level 4. HP: 26/35 MP: 1/7
  1358 | D:2      | Learned a level 2 spell: Shroud of Golubria
  2070 | D:2      | Reached XP level 5. HP: 37/41 MP: 0/8
  2091 | D:2      | Learned a level 3 spell: Regeneration
  2445 | D:2      | Found an opulent altar of Gozag.
  2445 | D:2      | Found a shadowy altar of Dithmenos.
  2478 | D:2      | Reached skill level 5 in Polearms
  2787 | D:3      | Found a glowing drain.
  2810 | Sewer    | Entered a sewer
  2848 | Sewer    | Noticed Purgy
  2904 | Sewer    | Killed Purgy
  2904 | Sewer    | Reached XP level 6. HP: 46/48 MP: 0/9
  3365 | D:3      | Found a glowing golden altar of the Shining One.
  3367 | D:3      | Noticed an angel
  3379 | D:3      | Found a basalt altar of Yredelemnul.
  3381 | D:3      | Noticed a profane servitor
  3652 | D:3      | Found a shattered altar of Ashenzari.
  3656 | D:3      | Found a deep blue altar of Sif Muna.
  3731 | D:4      | Reached skill level 6 in Polearms
  4048 | D:4      | Reached skill level 1 in Armour
  4228 | D:4      | Reached XP level 7. HP: 41/55 MP: 10/10
  4480 | D:4      | Reached skill level 7 in Polearms
  5150 | D:4      | Found a staircase to the Ecumenical Temple.
  5159 | Temple   | Entered the Ecumenical Temple
  5231 | Temple   | Became a worshipper of Ru the Awakened
  5466 | D:4      | Reached skill level 5 in Fighting
  5466 | D:4      | Reached XP level 8. HP: 54/62 MP: 1/11
  5703 | D:4      | Found Teatwi Texeo's Armour Shop.
  5800 | D:4      | Reached skill level 8 in Polearms
  6009 | D:4      | Reached skill level 5 in Dodging
  6201 | D:4      | Reached skill level 5 in Charms
  6560 | D:5      | Entered Level 5 of the Dungeon
  6616 | D:5      | Reached skill level 1 in Necromancy
  7560 | D:5      | Found a shimmering altar of Xom.
  7561 | D:5      | Found a burning altar of Makhleb.
  7706 | D:5      | Gained mutation: You are somewhat unskilled (-1 Apt). [Ru sacrifice]
  7706 | D:5      | Reduced skill Polearms to level 7
  7706 | D:5      | Reduced skill Spellcasting to level 1
  7706 | D:5      | Acquired Ru's first power
  7765 | D:5      | Reached skill level 8 in Polearms
  8408 | D:6      | Reached skill level 1 in Shields
  8408 | D:6      | Reached XP level 9. HP: 44/68 MP: 9/11
  8519 | D:6      | Found a white marble altar of Elyvilon.
  8575 | D:6      | Noticed Pikel
  9186 | D:6      | Found a glowing silver altar of Zin.
  9720 | D:6      | Killed Pikel
  9720 | D:6      | Reached skill level 9 in Polearms
  9951 | D:7      | Learned a level 3 spell: Spectral Weapon
  9960 | D:7      | Noticed Yanek's ghost (experienced DECj)
 10012 | D:7      | Killed Yanek's ghost
 10114 | D:7      | Reached skill level 1 in Hexes
 10126 | D:7      | Killed from afar by an orc priest

Vault maps used:
D:1:      dpeg_arrival_tiny_h, serial_park_tiny_2,
          hangedman_decor_diamond_cutter
D:2:      gammafunk_temple_overflow_wave, makhleb_blood_cavern_becter
D:3:      grunt_temple_overflow_holy_war, minitemple, gup_sewer_entry_pipe,
          amalloy_card_club
D:4:      minmay_temple_entry_nine_rooms, serial_shops, kennysheep_little_box,
          serial_undead, serial_undead_b, serial_undead_f, serial_undead_e,
          serial_undead_d, minmay_mini_ossuary
D:5:      grunt_temple_overflow_champion_of_chaos, first_bread
D:6:      elyvilon_altar_4, basic_altar, nrook_mini_vaults,
          minmay_misc_feat_hallway, uniq_pikel
D:7:      grunt_livestock, kennysheep_generic_room_6, uniq_joseph
Temple:   cyrus_temple_forest_13
Sewer:    sewer_big_baddie

Action                   |  1- 3 |  4- 6 |  7- 9 || total
-------------------------+-------+-------+-------++-------
Melee: Spear             |   113 |   323 |  1111 ||  1547
 Cast: Infusion          |     1 |     3 |     6 ||    10
       Shroud of Golubri |       |     5 |    23 ||    28
       Regeneration      |       |       |    12 ||    12
Invok: Sacrifice Skill   |       |       |     1 ||     1
Evoke: Wand              |       |       |     2 ||     2
  Use: Scroll            |       |       |    10 ||    10
       Potion            |       |       |     1 ||     1
 Stab: Sleeping          |     1 |     6 |     1 ||     8
       Distracted        |       |     1 |     1 ||     2
       Invisible         |       |       |     4 ||     4
  Eat: Chunk             |     1 |    10 |    21 ||    32
       Beef jerky        |       |       |     2 ||     2
       Pizza             |       |       |     1 ||     1
